 Dungeon Crawl Stone Soup version 0.14-a0-2848-g1d0399b (webtiles) character file.

88 Froboctopus the Ducker (level 3, 0/18 HPs)
             Began as a Felid Berserker on Feb 27, 2014.
             Was a Believer of Trog.
             Slain by an adder (4 damage)
             ... on Level 2 of the Dungeon.
             The game lasted 00:02:45 (1925 turns).

Froboctopus the Ducker (Felid Berserker)            Turns: 1925, Time: 00:02:47

HP   0/18        AC  1     Str 14      XL: 3   Next: 41%
MP   5/5         EV 19     Int  8      God: Trog [**....]
Gold 44          SH  0     Dex 15      Spells:  0 memorised,  2 levels left
Lives: 0, deaths: 0

rFire  . . .     SeeInvis +       - Unarmed
rCold  . . .     Clarity  .     (armour unavailable)
rNeg   . . .     Conserve .     (shield unavailable)
rPois  .         rCorr    .     (helmet unavailable)
rElec  .         rRot     .     (cloak unavailable)
SustAb . .       Spirit   .     (gloves unavailable)
rMut   .         Warding  .     (boots unavailable)
Saprov . . .     Stasis   .     (no amulet)
MR     ++...                    (no ring)
                                (no ring)

@: regenerating, exhausted, mildly poisoned, quick, very resistant to hostile
enchantments, fairly stealthy
A: paw claws, no armour, no weapons or thrown items, fangs 3, see invisible,
carnivore 3, speed 1, shaggy fur 1, slow metabolism 1, jump 1
a: Jump Attack, Burn Spellbooks, Berserk, Trog's Hand, Renounce Religion


You were on level 2 of the Dungeon.
You worshipped Trog.
Trog was pleased with you.
You were very full.

You visited 1 branch of the dungeon, and saw 2 of its levels.

You collected 44 gold pieces.

Inventory:

Comestibles
 c - 2 meat rations
 g - a slice of pizza
Scrolls
 d - 4 scrolls of teleportation {unknown}
 e - a scroll of immolation {unknown}
 f - 3 scrolls of identify {unknown}
 h - a scroll of random uselessness {unknown}
Potions
 a - a potion of heal wounds {unknown}
 b - a potion of resistance {unknown}
 i - a potion of flight {unknown}
 j - a potion of restore abilities {unknown}
 k - a potion of poison {unknown}


   Skills:
 * Level 3.7 Fighting
 + Level 4.5 Dodging
 * Level 3.5 Unarmed Combat


You had 2 spell levels left.
You didn't know any spells.

Dungeon Overview and Level Annotations

Branches:
Dungeon (2/16)

Altars:
Cheibriados
Fedhas
Zin
The Shining One


Innate Abilities, Weirdness & Mutations

You cannot wear armour.
You are incapable of wielding weapons or throwing items.
Your paws have sharp claws.
You have razor-sharp teeth.
You have supernaturally acute eyesight.
You are carnivorous and can eat meat at any time.
You cover ground quickly.
You are covered in fur (AC +1).
You have a slow metabolism.
You can jump attack at a short distance.


Message History

The adder poisons you!
You closely miss the adder.
The adder is heavily wounded.
The adder bites you.
You are more poisoned.
The adder poisons you!
You closely miss the adder.
The adder is heavily wounded.
You feel sick. The adder bites you.
* * * LOW HITPOINT WARNING * * *
The adder misses you.
You are too injured to fight recklessly!
You are too injured to fight recklessly!
Use which ability? (? or * to list)
Your skin crawls.
You feel resistant to hostile enchantments.
You feel slightly less full.
* * * LOW HITPOINT WARNING * * *
You feel sick. The adder bites you.
You die...

...# #### #. ########
#.. .......# ..#
.......# ######.#####
.......### #..........#
.......'.# #..........#
......>#.###........<.#
.......#..##....@S....#
.......##.............#
.......#####.<........#
.......# #..?.......#
.......# ####.#####.#
######## #.# . ### ####


You could see an adder (bleeding).

Vanquished Creatures
  2 giant geckos
  4 goblins
  4 hobgoblins (D:1)
  5 jackals
  6 kobolds
  A ball python (D:1)
  7 bats
  3 giant newts (D:1)
  8 rats
40 creatures vanquished.

Notes
Turn   | Place    | Note
--------------------------------------------------------------
     0 | D:1      | Froboctopus, the Felid Berserker, began the quest for the Orb.
     0 | D:1      | Reached XP level 1. HP: 10/10 MP: 2/2
   448 | D:1      | Reached XP level 2. HP: 12/14 MP: 3/3
   718 | D:1      | Acquired Trog's second power
  1171 | D:1      | Reached XP level 3. HP: 17/17 MP: 5/5
  1561 | D:2      | Found a glowing silver altar of Zin.
  1569 | D:2      | Found a glowing golden altar of the Shining One.
  1569 | D:2      | Found a blossoming altar of Fedhas.
  1573 | D:2      | Found a snail-covered altar of Cheibriados.
  1925 | D:2      | Slain by an adder

Action                   || total
-------------------------++-------
Melee: Unarmed           ||   131
Invok: Trog's Hand       ||     1
 Abil: Jump Attack       ||     2
 Stab: Sleeping          ||     5
